 Dungeon Crawl Stone Soup version 0.27-a0-760-gc38aae387d (webtiles) character file.

Game seed: 17627750881811461649

220 polve the Slasher (level 5, -1/41 HPs)
             Began as a Demonspawn Abyssal Knight on Mar 24, 2021.
             Was a Follower of Lugonu.
             Slain by a scorpion (6 damage)
             ... on level 4 of the Dungeon.
             The game lasted 00:02:09 (4889 turns).

polve the Slasher (Demonspawn Abyssal Knight)       Turns: 4889, Time: 00:02:09

Health: -1/41      AC:  7    Str: 12    XL:     5   Next: 64%
Magic:  6/6        EV:  8    Int: 15    God:    Lugonu [*.....]
Gold:   132        SH:  0    Dex: 12    Spells: 4/4 levels left

rFire    . . .     SeeInvis .   a - +1 falchion
rCold    . . .     Faith    .   (no shield)
rNeg     . . .     Spirit   .   n - +0 scale mail
rPois    .         Reflect  .   (no helmet)
rElec    .         Harm     .   l - +0 cloak
rCorr    .         Rampage  .   (no gloves)
Will     .....                  (no boots)
Stlth    ..........             (no amulet)
HPRegen  0.13/turn              (no ring)
MPRegen  0.10/turn              (no ring)

@: mighty
A: demonic magic 1
a: Renounce Religion, Depart the Abyss


You were on level 4 of the Dungeon.
You worshipped Lugonu.
Lugonu was aware of your devotion.
You visited 1 branch of the dungeon, and saw 4 of its levels.
You visited the Abyss 1 time.

You collected 132 gold pieces.

Inventory:

Hand Weapons
 a - a +1 falchion (weapon)
Armour
 i - a +0 pair of gloves
 l - a +0 cloak (worn)
 n - a +0 scale mail (worn)
Scrolls
 c - a scroll of blinking {unknown}
 e - a scroll of silence {unknown}
 f - 2 scrolls of identify {unknown}
 j - a scroll of teleportation {unknown}
 k - a scroll of magic mapping {unknown}
 m - a scroll of acquirement {unknown}
Potions
 h - a potion of brilliance {unknown}


   Skills:
 - Level 3.0 Fighting
 + Level 5.4 Long Blades
 - Level 1.7 Armour
 - Level 0.8 Dodging
 - Level 2.4 Invocations


You had 4 spell levels left.
You didn't know any spells.
Your spell library was empty.

Dungeon Overview and Level Annotations

Branches:
Dungeon (4/15)
 Temple: D:4-7

Altars:
Ashenzari
Cheibriados
Elyvilon
Gozag
Nemelex Xobeh
Qazlal


Innate Abilities, Weirdness & Mutations

Spells you cast may paralyse adjacent enemies.


Message History

You feel extremely sick.
You feel sick. The goblin hits you but does no damage.
You feel sick.
You feel sick.
It was a potion of haste.
You feel yourself speed up.
You feel sick.
You are no longer poisoned.
The goblin hits you but does no damage.
It was a potion of cancellation.
Your magical effects are unravelling.
You feel magically purged.
You feel yourself slow down.
You hit the goblin.
The goblin is moderately wounded.
The goblin hits you but does no damage. The goblin barely misses you.
You hit the goblin.
The goblin is heavily wounded.
The goblin hits you with a +0 dagger.
You closely miss the goblin.
The goblin is heavily wounded.
The goblin completely misses you.
You hit the goblin.
You kill the goblin!
Lugonu accepts your kill. The scorpion stings you.
* * * LOW HITPOINT WARNING * * *
You hit the scorpion.
The scorpion is moderately wounded.
The scorpion stings you.
* * * LOW HITPOINT WARNING * * *
It was a potion of might.
You feel very mighty all of a sudden. The scorpion stings you.
* * * LOW HITPOINT WARNING * * *
You closely miss the scorpion.
The scorpion is moderately wounded.
The scorpion stings you but does no damage.
You closely miss the scorpion.
The scorpion is moderately wounded.
The scorpion stings you.
You die...

#.....#.# #.#.#######
#.....#.####.#.#
#.....#......#.#######
#...(.#........#......
#................#####
###....##.###...........
........................
######..#.###..#########
##@#.#..........
####s#.#+#..######
#....#......#
#......[....#
..........#.....#.#
..........#.....+..
..........##....#+#
........... ......
......###.........


You could see a scorpion.

Vanquished Creatures
  A phantom (D:4)
  A bullfrog skeleton (D:3)
  A centaur skeleton (D:3)
  2 adders
  An adder skeleton (D:4)
  4 dart slugs
  An orc (D:4)
  3 ball pythons
  4 endoplasms
  3 giant cockroaches (D:1)
  7 goblins
  7 hobgoblins
  7 jackals
  4 quokkas
  4 bats
  6 frilled lizards
  2 kobolds (D:1)
  2 rats (D:2)
60 creatures vanquished.

Notes
Turn   | Place    | Note
-------+----------+-------------------------------------------
     0 | Abyss:1  | polve the Demonspawn Abyssal Knight began the quest for the
                  | Orb.
     0 | Abyss:1  | Reached XP level 1. HP: 18/18 MP: 2/2
    18 | Abyss:1  | Found a corrupted altar of Lugonu.
   120 | Abyss:1  | Found a corrupted altar of Lugonu.
   264 | Abyss:1  | Noticed an ancient zyme
   265 | D:1      | Escaped the Abyss
   366 | D:1      | Reached skill level 2 in Long Blades
   880 | D:1      | Gained mutation: Spells you cast may paralyse adjacent
                  | enemies. [demonic ancestry]
   880 | D:1      | Reached XP level 2. HP: 24/24 MP: 3/3
  1502 | D:1      | Reached * piety under Lugonu
  1574 | D:1      | Reached skill level 3 in Long Blades
  2061 | D:1      | Reached XP level 3. HP: 23/29 MP: 4/4
  2993 | D:2      | Found a sparkling altar of Nemelex Xobeh.
  2994 | D:2      | Found a stormy altar of Qazlal.
  2996 | D:2      | Found a broken altar of Ashenzari.
  2996 | D:2      | Found an opulent altar of Gozag.
  3471 | D:3      | Reached skill level 4 in Long Blades
  3471 | D:3      | Reached XP level 4. HP: 30/35 MP: 5/5
  3790 | D:3      | Found a faded altar of an unknown god.
  4238 | D:3      | Found a snail-covered altar of Cheibriados.
  4384 | D:4      | Reached XP level 5. HP: 34/41 MP: 6/6
  4726 | D:4      | Noticed a phantom
  4743 | D:4      | Killed a phantom
  4744 | D:4      | Reached skill level 5 in Long Blades
  4889 | D:4      | Slain by a scorpion

Illustrated notes

Levels and vault maps discovered:
D:1:      roderic_crop_circles_arrival_small, layout_basic
D:2:      layout_loops_ring, grunt_temple_overflow_open
D:3:      layout_loops_corners, nicolae_overflow_crystal_walls, serial_forest,
          infiniplex_forest_corner_2, infiniplex_forest_join,
          infiniplex_forest_straight_2, infiniplex_forest_diagonal,
          infiniplex_forest_lined_room_, chequers_ecumenical_altar_simple_redux,
          kennysheep_crisscross
D:4:      kennysheep_six_static_rooms, layout_basic, lemuel_angel_altar

Skill      XL: |  1  2  3  4  5 |
---------------+----------------+-----
Long Blades    | 2 3 4 5 |  5.4
Fighting       | |  3.0
Armour         | |  1.7
Dodging        | |  0.8
Invocations    | |  2.4

Action                   |  1- 3 |  4- 6 || total
-------------------------+-------+-------++-------
Melee: Falchion          |   154 |    86 ||   240
Invok: Depart the Abyss  |     1 |       ||     1
  Use: Potion            |       |     3 ||     3
Armor: Leather armour    |    49 |       ||    49
       Ring mail         |     6 |    23 ||    29
       Scale mail        |       |    14 ||    14
Dodge: Dodged            |   111 |    42 ||   153
       Rpst.: Falchion   |    20 |    14 ||    34

Table legend: (Time is in decaauts)
 A = Elapsed time spent in this place.
 B = Non-inter-level travel time spent in this place.
 C = Inter-level travel time spent in this place.
 D = Time resting spent in this place.
 E = Time spent auto-exploring this place.
 F = Levels seen in this place.
 G = Mean time per level.
                   A        B        C        D        E       F      G
               +--------+--------+--------+--------+--------+-----+--------+
         Total |   4916 |   4845 |     71 |      0 |   4300 |   5 |  983.2 |
       Dungeon |   4651 |   4580 |     71 |      0 |   4039 |   4 | 1162.8 |
         Abyss |    265 |    265 |      0 |      0 |    261 |   1 |  265.0 |
               +--------+--------+--------+--------+--------+-----+--------+

Top non-repeatable levels by time:
     D:1: 1972 daAuts
     D:3: 1095 daAuts
     D:2: 1062 daAuts
     D:4: 521 daAuts
 Abyss:1: 265 daAuts
